 Dungeon Crawl Stone Soup version 0.31-a0-102-g33a4ccc0cb (webtiles) character file.

Game seed: 11533177282739595795

4468 Armakuni the Covert (level 10, -3/59 HPs)
             Began as a Kobold Artificer on May 26, 2023.
             Was a Believer of Dithmenos.
             Shot with an arrow by a centaur warrior (18 damage)
             ... on level 8 of the Dungeon on May 27, 2023.
             The game lasted 00:26:24 (9236 turns).

Armakuni the Covert (Kobold Artificer)              Turns: 9236, Time: 00:26:25

Health: -3/59      AC:  4    Str: 13    XL:     10   Next: 64%
Magic:  12/12      EV: 17    Int: 12    God:    Dithmenos [**....]
Gold:   133        SH:  0    Dex: 17    Spells: 9/9 levels left

rFire   . . .        a - +0 rapier (venom)
rCold   + . .        (no shield)
rNeg    . . .        t - +1 robe {rC+}
rPois   .            e - +0 helmet
rElec   .            (no cloak)
rCorr   .            (no gloves)
SInv    .            (no boots)
Will    .....        (no amulet)
Stlth   +++++++++    (no ring)
HPRegen 0.29/turn    (no ring)
MPRegen 0.13/turn

%: no passive effects
@: wreathed by umbra
A: small, no large weapons, nightstalker 3
a: Renounce Religion, Shadow Step


You were on level 8 of the Dungeon.
You worshipped Dithmenos.
Dithmenos was pleased with you.
You visited 2 branches of the dungeon, and saw 9 of its levels.

You collected 385 gold pieces.
You spent 252 gold pieces at shops.

Inventory:

Hand Weapons
 a - a +0 rapier of venom (weapon)
 b - a +3 dagger of freezing
 w - a +1 rapier
Armour
 e - a +0 helmet (worn)
 t - a +1 robe of cold resistance (worn)
Magical Staves
 c - a staff of poison
 m - a staff of conjuration
Jewellery
 l - a ring of protection from cold
 p - a +6 ring of dexterity
Wands
 j - a wand of iceblast (1)
 k - a wand of digging (6)
 v - a wand of flame (9) (quivered)
Scrolls
 f - a scroll of noise
 g - a scroll of fear
 n - 5 scrolls of teleportation
 q - a scroll of amnesia
 u - a scroll of fog
 x - a scroll of summoning
 y - a scroll of immolation
 A - a scroll of vulnerability
 X - 3 scrolls of enchant armour
Potions
 d - a potion of ambrosia
 h - 3 potions of brilliance
 i - 3 potions of heal wounds
 r - 2 potions of enlightenment
 s - a potion of curing
 z - a potion of mutation {unknown}


   Skills:
 - Level 5.0 Fighting
 - Level 8.0 Short Blades
 - Level 0.7 Armour
 - Level 5.0 Dodging
 + Level 14.7 Stealth
 - Level 3.0 Invocations
 - Level 7.3 Evocations


You had 9 spell levels left.
You didn't know any spells.
Your spell library contained the following spells:

 Spells                   Type           Power      Damage    Failure   Level
 Magic Dart               Conj           0%         1d3       32%         1
 Call Imp                 Summ           0%         N/A       45%         2
 Scorch                   Fire           0%         2d5       45%         2
 Inner Flame              Hex/Fire       0%         N/A       69%         3
 Mephitic Cloud           Conj/Pois/Air  0%         N/A       69%         3
 Flame Wave               Conj/Fire      0%         2d4       97%         4
 Yara's Violent Unravell  Hex/Tmut       0%         3d3       100%        5
 Summon Cactus Giant      Summ           0%         N/A       100%        6
 Enfeeble                 Hex            0%         N/A       100%        7


Dungeon Overview and Level Annotations

Branches:
Dungeon (8/15)             Temple (1/1) D:5
   Lair: D:8-11

Altars:
Cheibriados
Dithmenos
Elyvilon
Fedhas
Gozag
Kikubaaqudgha
Makhleb
Nemelex Xobeh
Okawaru
Qazlal
Ru
Sif Muna
Trog
Uskayaw
Vehumet
Wu Jian
Xom
Yredelemnul
Zin
The Shining One

Shops:
D:6 ?   D:8 :(=(


Innate Abilities, Weirdness & Mutations

You are small and have problems with some larger weapons.
You are completely attuned to the shadows.


Message History

The yak gores you.
* * * LOW HITPOINT WARNING * * *
An orc wizard comes into view. It is wielding a +0 dagger.
You hit the yak but do no damage.
The yak looks as sick as possible!
The yak is moderately wounded.
You hit the yak.
The yak looks as sick as possible!
The yak is heavily wounded.
The yak barely misses you.
An orc warrior comes into view. It is wielding a +0 glaive.
You barely miss the yak.
The yak is heavily wounded.
The shadow imp shouts, "Leave, thou tottering base-court apple-john!"
The yak barely misses you.
You hit the yak but do no damage.
The yak looks as sick as possible!
The yak is heavily wounded.
The yak gores you but does no damage.
You hit the yak.
The yak is severely wounded.
The yak misses you.
You hit the yak.
The yak looks as sick as possible!
The yak is almost dead.
You closely miss the yak.
The yak is almost dead.
The yak barely misses you.
You hit the yak.
You kill the yak!
Dithmenos accepts your kill.
The orc wizard casts a spell.
The orc wizard flickers and vanishes!
Deactivating autopickup; reactivate with Ctrl-A.
You hear a shout!
You barely miss the shadow imp. The shadow imp barely misses you.
You puncture the shadow imp!
The shadow imp is poisoned.
The shadow imp is severely wounded.
The shadow imp completely misses you.
You puncture the shadow imp!
You kill the shadow imp!
Dithmenos accepts your kill.
The centaur warrior shoots an arrow.
The arrow hits you!!
You die...

. #........###........
..##.........#.#.#.#.#
.........###.........#
.###.###.......#.#.#.#
#..8..#.###.#.......#
.#.....#.###.##..#####
..8.8.8...##.##.##
.#.....#........#
#..8@.#........#
###.#####.###..#
#[†...# ... #..#
#..c..# #..# ....o....
..#...o.#. ..#.....#


You could see a centaur warrior and an orc warrior.

Vanquished Creatures
  A yak (D:8)
  An orc warrior (D:7)
  3 ice beasts
  2 sky beasts (D:8)
  3 black bears
  4 ogres
  2 centaurs (D:6)
  A phantom (D:5)
  4 bullfrogs
  2 kobold brigands (D:8)
  4 wights
  A scorpion (D:5)
  7 killer bees (D:8)
  3 howler monkeys (D:8)
  A jelly (D:5)
  2 orc priests
  6 hounds
  A sleepcap (D:5)
  2 gnoll boudas
  An iguana (D:5)
  4 orc wizards
  9 adders
  15 gnolls
  A shadow imp (D:8)
  2 white imps (D:6)
  3 ufetubi
  An adder skeleton (D:2)
  4 dart slugs
  23 orcs
  9 ball pythons
  A bat skeleton (D:2)
  A bat zombie (D:2)
  6 endoplasms
  2 giant cockroaches
  14 goblins
  7 hobgoblins
  6 jackals
  4 quokkas
  A ball python skeleton (D:2)
  9 bats
  5 frilled lizards
  A jackal skeleton (D:2)
  14 kobolds
  A quokka zombie (D:2)
  8 rats
202 creatures vanquished.

Vanquished Creatures (collateral kills)
  The ghost of PostNTower the Caller, a novice HOSu of Beogh (D:7)
  Pikel (D:6)
  An orc wizard (D:6)
  A gnoll (D:4)
  An adder (D:6)
  An ufetubus (D:6)
  3 orcs
  A ball python (D:1)
  A bat (D:1)
11 creatures vanquished.

Vanquished Creatures (others)
  2 adders
  A kobold (D:8)
3 creatures vanquished.

Grand Total: 216 creatures vanquished

Notes
Turn   | Place    | Note
-------+----------+-------------------------------------------
     0 | D:1      | Armakuni the Kobold Artificer began the quest for the Orb.
     0 | D:1      | Reached XP level 1. HP: 12/12 MP: 1/1
    74 | D:1      | Reached skill level 1 in Short Blades
   209 | D:1      | Reached XP level 2. HP: 16/16 MP: 2/2
   518 | D:1      | Reached XP level 3. HP: 16/20 MP: 3/3
  1028 | D:2      | Reached XP level 4. HP: 25/25 MP: 4/4
  1929 | D:2      | Reached skill level 5 in Short Blades
  1929 | D:2      | Reached XP level 5. HP: 20/29 MP: 5/5
  3509 | D:4      | Reached skill level 5 in Evocations
  3613 | D:4      | Reached XP level 6. HP: 34/34 MP: 6/6
  3954 | D:4      | Found a white marble altar of Elyvilon.
  4274 | D:4      | Noticed a black bear
  4279 | D:4      | Killed a black bear
  4280 | D:4      | Reached XP level 7. HP: 35/38 MP: 7/7
  4513 | D:5      | Entered Level 5 of the Dungeon
  5325 | D:5      | Found a radiant altar of Vehumet.
  5325 | D:5      | Found an iron altar of Okawaru.
  5363 | D:5      | Reached XP level 8. HP: 43/43 MP: 8/8
  5381 | D:5      | Reached skill level 3 in Stealth
  5530 | D:5      | Found a staircase to the Ecumenical Temple.
  5536 | Temple   | Entered the Ecumenical Temple
  5635 | Temple   | Became a worshipper of Dithmenos the Shadowed
  5943 | D:6      | Reached skill level 4 in Stealth
  5947 | D:6      | Reached skill level 5 in Stealth
  6117 | D:6      | Noticed Pikel
  6185 | D:6      | Killed Pikel
  6186 | D:6      | Reached skill level 5 in Fighting
  6186 | D:6      | Reached XP level 9. HP: 34/54 MP: 8/11
  6388 | D:6      | Reached skill level 5 in Dodging
  6451 | D:6      | You fall into a shaft and drop 2 floors!
  6531 | D:8      | Found Nafielol's Book Boutique.
  6571 | D:7      | Reached skill level 6 in Stealth
  6616 | D:7      | Reached skill level 7 in Stealth
  6789 | D:8      | Found Mirure's Antique Weapon Boutique.
  6794 | D:8      | Bought a glowing rapier for 168 gold pieces
  6815 | D:8      | Found an ancient bone altar of Kikubaaqudgha.
  6825 | D:8      | Reached skill level 8 in Stealth
  6871 | D:8      | Found Veci's Antique Weapon Shop.
  7459 | D:6      | Found Rayjiu Hufedd's Magic Scroll Boutique.
  7462 | D:6      | Bought a scroll of identify for 28 gold pieces
  7462 | D:6      | Bought a scroll of identify for 28 gold pieces
  7462 | D:6      | Bought a scroll of identify for 28 gold pieces
  7502 | D:6      | Reached skill level 9 in Stealth
  7585 | D:7      | Reached * piety under Dithmenos
  7592 | D:7      | Reached skill level 10 in Stealth
  7935 | D:7      | Reached XP level 10. HP: 48/59 MP: 12/12
  7946 | D:7      | Reached skill level 11 in Stealth
  8310 | D:7      | Found a runed translucent door.
  8319 | D:7      | Noticed PostNTower's ghost (novice HOSu)
  8331 | D:7      | Killed PostNTower's ghost
  8332 | D:7      | Reached skill level 13 in Stealth
  8557 | D:8      | Found Saitimn's Jewellery Shoppe.
  8764 | D:8      | Found a snail-covered altar of Cheibriados.
  8987 | D:8      | Reached skill level 14 in Stealth
  8990 | D:8      | Reached ** piety under Dithmenos
  9215 | D:8      | Noticed a centaur warrior
  9222 | D:8      | Upgraded the game from 0.31-a0-95-g6fa058ef04 to
                  | 0.31-a0-102-g33a4ccc0cb
  9236 | D:8      | Shot with an arrow by a centaur warrior

Illustrated notes

Levels and vault maps discovered:
D:1:      dpeg_arrival_pond, layout_loops_ring, minmay_misc_feat_rows,
          dreamdust_princess_bridge
D:2:      layout_basic, serial_undead, serial_undead_c, serial_undead_e,
          serial_undead_e, serial_undead_d, serial_undead_f, serial_undead_c
D:3:      layout_loops_corners, minmay_goblin_outpost
D:4:      layout_cave_pods, elyvilon_altar_1
D:5:      layout_basic, nicolae_overflow_two_pavilions,
          minmay_temple_entry_gardened_gates
D:6:      layout_cave_pods, serial_shops, nicolae_shop_window_shopping,
          uniq_pikel
D:7:      layout_gridville, ebering_ghost_reflecting_pool
D:8:      layout_basic, chei_slow_surprise, nicolae_kikubaaqudgha_miasma_corner,
          serial_glass, glass_columns_c, glass_columns_b, serial_shops, shop,
          nicolae_shop_tiny_real_fake_doors, shop, shop,
          nicolae_shop_gaudy_bauble, serial_bayou_pond_d,
          minmay_chambers_of_fives
Temple:   regret_index_temple_waves

Skill      XL: |  1  2  3  4  5  6  7  8  9 10 |
---------------+-------------------------------+-----
Short Blades   | 2 3 4 5 6 8 |  8.0
Evocations     | 4 5 6 7 |  7.3
Stealth        | 5 10 14 | 14.7
Fighting       | 5 |  5.0
Invocations    | 3 |  3.0
Dodging        | 3 5 |  5.0
Armour         | |  0.7

Action                     |  1- 3 |  4- 6 |  7- 9 | 10-12 || total
---------------------------+-------+-------+-------+-------++-------
  Melee: Club              |     8 |       |       |       ||     8
         Rapier            |    81 |   218 |   205 |    77 ||   581
         Punch             |       |     1 |     4 |     1 ||     6
  Evoke: Wand              |     5 |    19 |    22 |     2 ||    48
    Use: Scroll            |     2 |     7 |     8 |     2 ||    19
         Potion            |       |     6 |       |       ||     6
   Stab: Sleeping          |    10 |    17 |    20 |    21 ||    68
         Distracted        |       |     1 |       |       ||     1
 Armour: Leather armour    |    15 |    59 |    23 |       ||    97
         Robe              |       |       |     2 |     6 ||     8
  Dodge: Dodged            |    66 |   155 |   120 |    43 ||   384

Table legend: (Time is in decaauts)
 A = Elapsed time spent in this place.
 B = Non-inter-level travel time spent in this place.
 C = Inter-level travel time spent in this place.
 D = Time resting spent in this place.
 E = Time spent auto-exploring this place.
 F = Levels seen in this place.
 G = Mean time per level.
                   A        B        C        D        E       F      G
               +--------+--------+--------+--------+--------+-----+--------+
         Total |   9181 |   8948 |    233 |    882 |   6435 |   9 | 1020.1 |
       Dungeon |   9072 |   8856 |    216 |    882 |   6359 |   8 | 1134.0 |
        Temple |    108 |     91 |     17 |      0 |     75 |   1 |  108.0 |
               +--------+--------+--------+--------+--------+-----+--------+

Top non-repeatable levels by time:
     D:2: 1320 daAuts
     D:5: 1277 daAuts
     D:3: 1269 daAuts
     D:8: 1148 daAuts
     D:6: 1101 daAuts
     D:7: 1038 daAuts
     D:4: 1011 daAuts
     D:1: 906 daAuts
  Temple: 108 daAuts
